 Dungeon Crawl Stone Soup version 0.28-a0-43-g560ac104fe (webtiles) character file.

Game seed: 8938020834899388354

78 gruber the Skirmisher (level 4, -3/42 HPs)
             Began as a Minotaur Fighter on July 28, 2021.
             Slain by a gnoll (12 damage)
             ... on level 2 of the Dungeon.
             The game lasted 00:00:50 (2023 turns).

gruber the Skirmisher (Minotaur Fighter)            Turns: 2023, Time: 00:00:51

Health: -3/42      AC:  6    Str: 22    XL:     4   Next: 15%
Magic:  12/12      EV:  7    Int:  5    God:
Gold:   123        SH:  9    Dex:  9    Spells: 3/3 levels left

rFire   . . .      SeeInvis .   a - +0 long sword
rCold   . . .      Faith    .   c - +0 kite shield
rNeg    . . .      Spirit   .   b - +0 scale mail
rPois   .          Reflect  .   (helmet restricted)
rElec   .          Harm     .   (no cloak)
rCorr   .          Rampage  .   (no gloves)
Will    .....                   (no boots)
Stlth   ..........              (no amulet)
HPRegen 0.14/turn               f - ring of magical power
MPRegen 0.13/turn               (no ring)

@: no status effects
A: horns 2, retaliatory headbutt
a: no special abilities


You were on level 2 of the Dungeon.
You visited 1 branch of the dungeon, and saw 2 of its levels.

You collected 123 gold pieces.

Inventory:

Hand Weapons
 a - a +0 long sword (weapon)
Armour
 b - a +0 scale mail (worn)
 c - a +0 kite shield (worn)
Jewellery
 f - a ring of magical power (left hand)
Scrolls
 g - 2 scrolls of teleportation {unknown}
 h - a scroll of noise {unknown}
 l - a scroll of identify {unknown}
Potions
 d - 3 potions of might
 e - a potion of cancellation {unknown}
 i - a potion of degeneration {unknown}
 j - a potion of attraction {unknown}
 k - a potion of berserk rage {unknown}
 m - a potion of flight {unknown}


   Skills:
 * Level 5.1 Fighting
 - Level 4.0 Long Blades
 - Level 3.6 Armour
 - Level 3.6 Shields


You had 3 spell levels left.
You didn't know any spells.
Your spell library contained the following spells:

 Spells                   Type           Power      Damage    Failure   Level
 Corona                   Hex            0%         N/A       99%         1
 Ensorcelled Hibernation  Hex/Ice        0%         N/A       100%        2
 Gell's Gravitas          Tloc           0%         N/A       100%        3
 Ozocubu's Armour         Ice            0%         N/A       100%        3
 Teleport Other           Tloc           0%         N/A       100%        3
 Tukima's Dance           Hex            0%         N/A       100%        3
 Metabolic Englaciation   Hex/Ice        0%         N/A       100%        5
 Dispersal                Tloc           0%         N/A       100%        6
 Simulacrum               Ice/Necr       0%         N/A       100%        6


Dungeon Overview and Level Annotations

Branches:
Dungeon (2/15)

Altars:
Xom


Innate Abilities, Weirdness & Mutations

You have a pair of horns on your head.
You reflexively headbutt those who attack you in melee.


Message History

3 gnolls come into view.
The gnoll shouts! x3
You hit the gnoll. Your headbutt misses the gnoll.
The gnoll is moderately wounded.
The gnoll hits you with a +0 whip. You block the gnoll's attack.
There are monsters nearby!
You closely miss the gnoll. You headbutt the gnoll!
You kill the gnoll!
You have reached level 4!
You feel stronger.
Unknown command.
You closely miss the gnoll. Your headbutt misses the gnoll.
You block the gnoll's attack. The gnoll hits you with a +0 club.
The gnoll hits you but does no damage.
Your scale mail prevents you from hitting the gnoll.
The gnoll hits you with a +0 club. The gnoll barely misses you.
You barely miss the gnoll. The gnoll hits you but does no damage.
The gnoll barely misses you.
You barely miss the gnoll. You headbutt the gnoll!
The gnoll is almost dead.
You block the gnoll's attack. The gnoll closely misses you.
The gnoll barely misses you. You block the gnoll's attack.
You hit the gnoll.
You kill the gnoll!
The gnoll hits you from afar with a +0 halberd!
Your Fighting skill increases to level 5!
The gnoll hits you with a +0 halberd.
Your scale mail prevents you from hitting the gnoll.
Your headbutt misses the gnoll. The gnoll barely misses you.
The gnoll hits you with a +0 halberd.
* * * LOW HITPOINT WARNING * * *
You hit the gnoll.
The gnoll is moderately wounded.
You block the gnoll's attack.
You barely miss the gnoll.
The gnoll is moderately wounded.
The gnoll hits you with a +0 halberd.
* * * LOW HITPOINT WARNING * * *
The gnoll hits you with a +0 halberd!
You die...

##### #...♣#♣##
##.♣.|...♣# ##
##.........# .#
...♣..♣.♣..♣ .#
##.........#.#### .#
#.♣..♣.♣..♣....# .#
##.#.......#.##)##)#
...#♣.....♣#....@g.#
######♣#♣######.####
#.......# ####
#.#####.#### ...# #.
#....# ##.####### #.
###.##.# ##.#.....#
#. #......#
##.#.....#
#.###......#
##.......#
#...<.._...#


You could see a gnoll.

Vanquished Creatures
  2 gnolls (D:2)
  3 adders (D:2)
  4 endoplasms
  3 giant cockroaches (D:2)
  5 goblins
  2 hobgoblins
  A quokka (D:1)
  4 kobolds
  6 rats
30 creatures vanquished.

Notes
Turn   | Place    | Note
-------+----------+-------------------------------------------
     0 | D:1      | gruber the Minotaur Fighter began the quest for the Orb.
     0 | D:1      | Reached XP level 1. HP: 19/19 MP: 0/0
   445 | D:1      | Found a faded altar of an unknown god.
   457 | D:1      | Reached XP level 2. HP: 21/26 MP: 1/1
  1401 | D:2      | Reached skill level 4 in Fighting
  1401 | D:2      | Reached XP level 3. HP: 28/33 MP: 2/2
  1992 | D:2      | Found a shimmering altar of Xom.
  2013 | D:2      | Reached XP level 4. HP: 40/41 MP: 3/3
  2020 | D:2      | Reached skill level 5 in Fighting
  2023 | D:2      | Slain by a gnoll

Illustrated notes

Levels and vault maps discovered:
D:1:      dpeg_arrival_fog, layout_basic, hellmonk_ecumenical_altar_zigzags,
          chequers_serial_rivers_micro_e, kennysheep_pointless_box
D:2:      layout_loops_cross, basic_altar, serial_forest,
          infiniplex_forest_straight_4, infiniplex_forest_lined_corner,
          infiniplex_forest_end_2, infiniplex_forest_clump_small,
          infiniplex_forest_lined_ring, infiniplex_forest_zigzag_1,
          infiniplex_forest_pool, infiniplex_forest_lined_3,
          infiniplex_forest_straight_3, minmay_quadrilaterals,
          uniq_crazy_yiuf_cottage

Skill      XL: |  1  2  3  4 |
---------------+-------------+-----
Long Blades    | 3 4 |  4.0
Fighting       | 4 5 |  5.1
Armour         | |  3.6
Shields        | |  3.6

Action                   |  1- 3 |  4- 6 || total
-------------------------+-------+-------++-------
Melee: Long sword        |    71 |     8 ||    79
       Headbutt          |     8 |     1 ||     9
Armor: Scale mail        |    34 |     2 ||    36
Dodge: Dodged            |    16 |     5 ||    21
Block: Kite shield       |    35 |     4 ||    39
       Rpst.: Long sword |     2 |       ||     2

Table legend: (Time is in decaauts)
 A = Elapsed time spent in this place.
 B = Non-inter-level travel time spent in this place.
 C = Inter-level travel time spent in this place.
 D = Time resting spent in this place.
 E = Time spent auto-exploring this place.
 F = Levels seen in this place.
 G = Mean time per level.
                   A        B        C        D        E       F      G
               +--------+--------+--------+--------+--------+-----+--------+
         Total |   2058 |   1944 |    114 |      0 |   1745 |   2 | 1029.0 |
       Dungeon |   2058 |   1944 |    114 |      0 |   1745 |   2 | 1029.0 |
               +--------+--------+--------+--------+--------+-----+--------+

Top non-repeatable levels by time:
     D:1: 1151 daAuts
     D:2: 907 daAuts
